 Dungeon Crawl Stone Soup version 0.19.0-2-gae57169 (webtiles) character file.

22 Gargoyl the Skirmisher (level 2, 0/24 HPs)
             Began as a Demonspawn Abyssal Knight on Nov 4, 2016.
             Was a Follower of Lugonu.
             Succumbed to a kobold's poison
             ... on level 1 of the Dungeon.
             The game lasted 00:02:08 (613 turns).

Gargoyl the Skirmisher (Demonspawn Abyssal Knight)   Turns: 613, Time: 00:02:08

Health: 0/24       AC:  8    Str: 17    XL:     2   Next: 68%
Magic:  4/4        EV: 11    Int: 13    God:    Lugonu [*.....]
Gold:   20         SH:  0    Dex: 12    Spells: 0 memorised, 1 level left

rFire  . . .     SeeInvis .     d - +1 falchion of the Land of Plenty {freeze, rElec} (curse)
rCold  . . .     Gourm    .     f - +0 ring mail
rNeg   . . .     Faith    .     (no shield)
rPois  .         Spirit   .     (no helmet)
rElec  +         Reflect  .     (no cloak)
rCorr  .         Harm     .     e - +0 pair of gloves
MR     .....                    (no boots)
Stlth  +.........               (no amulet)
                                (no ring)
                                (no ring)

@: mighty, lethally poisoned (0 -> -23)
A: slimy green scales 1
a: Depart the Abyss, Renounce Religion


You were on level 1 of the Dungeon.
You worshipped Lugonu.
Lugonu was aware of your devotion.
You were not hungry.

You visited 1 branch of the dungeon, and saw 1 of its levels.
You visited the Abyss 1 time.

You collected 20 gold pieces.

Inventory:

Hand Weapons
 a - a +1 hand axe
 d - the cursed +1 falchion of the Land of Plenty (weapon) {freeze, rElec}
   (You found it on level 2 of the Abyss)

   It has been specially enchanted to freeze those struck by it, causing extra
   injury to most foes and up to half again as much damage against particularly
   susceptible opponents.
   It can also slow down cold-blooded creatures.
   It insulates you from electricity.
   It has a curse placed upon it.
Armour
 e - a +0 pair of gloves (worn)
 f - a +0 ring mail (worn)
Jewellery
 h - a cursed amulet of inaccuracy {unknown}
Scrolls
 b - 2 scrolls of identify
Comestibles
 c - 3 bread rations


   Skills:
 + Level 3.3 Fighting
 + Level 0.5 Long Blades
 + Level 1.9 Axes
 * Level 1.9 Armour
 + Level 1.1 Dodging
 * Level 2.8 Invocations


You had one spell level left.
You didn't know any spells.

Dungeon Overview and Level Annotations

Branches:
Dungeon (1/15)

Altars:


Innate Abilities, Weirdness & Mutations

You are partially covered in slimy green scales. (AC +2)


Message History

The kobold hits you but does no damage.
You are more poisoned.
You hit the kobold. You freeze the kobold.
You kill the kobold!
Lugonu accepts your kill.
You feel very sick.
You feel sick.
Things that are here:
a dagger of venom; 5 stones It was a potion of might.
You feel very mighty all of a sudden.
* * * LOW HITPOINT WARNING * * *
You feel very sick.
* * * LOW HITPOINT WARNING * * *
You feel sick.
* * * LOW HITPOINT WARNING * * *
You feel sick.
* * * LOW HITPOINT WARNING * * *
You feel sick.
You die...

#.....................#....#.#..
#.###################.#.##.#....
#.# #.....#.#..#...... #.#
......#.##.####### #.#
#.#...#........... #.###
#.#..#####.####### #...# #.#).#
#)# # ###.# #.#..# #.# # #.#
#.#@#..# #.####### #.#
#......### #.#....#
###.#####.....###....###.#.##.#
##.....[.+...?. ##..........#.##
#....#####.... ###.###.####...
...#...# #.... #....# #......##
..##.#.# #..$ #.#### #####.###
...........## .. #......
.(######## #.# #.#.###


There were no monsters in sight!

Vanquished Creatures
  A dart slug (D:1)
  2 giant cockroaches (D:1)
  4 hobgoblins (D:1)
  6 jackals (D:1)
  A kobold (D:1)
  A bat (D:1)
  A rat (D:1)
16 creatures vanquished.

Notes
Turn   | Place    | Note
-------+----------+-------------------------------------------
     0 | Abyss:1  | Gargoyl the Demonspawn Abyssal Knight began the quest for the Orb.
     0 | Abyss:1  | Reached XP level 1. HP: 18/18 MP: 2/2
    72 | Abyss:2  | Got an iridescent falchion
    73 | Abyss:2  | Identified the cursed +1 falchion of the Land of Plenty {freeze, rElec} (You found it on level 2 of the Abyss)
    92 | Abyss:2  | Noticed a fire bat
    93 | D:1      | Escaped the Abyss
    96 | D:1      | Reached skill level 1 in Dodging
   219 | D:1      | Gained mutation: You are partially covered in slimy green scales. (AC +2) [demonic ancestry]
   219 | D:1      | Reached XP level 2. HP: 24/24 MP: 3/3
   321 | D:1      | Reached * piety under Lugonu
   612 | D:1      | HP: 1/24 [poisoned by a kobold]
   613 | D:1      | Succumbed to a kobold's poison

Skill      XL: |  1 |
---------------+----+-----
Dodging        | 1 |  1.1
Fighting       | |  3.3
Long Blades    | |  0.5
Axes           | |  1.9
Armour         | |  1.9
Invocations    | |  2.8

Action                   || total
-------------------------++-------
Melee: Falchion          ||    37
Invok: Depart the Abyss  ||     1
  Use: Scroll            ||     1
       Potion            ||     1
 Stab: Distracted        ||     1
Armor: Leather armour    ||    21
       Ring mail         ||    12
Dodge: Dodged            ||    43
       Rpst.: Falchion   ||    18
